 Dungeon Crawl Stone Soup version 0.24.0-123-gd5b16e6ec5 (webtiles) character file.

Game seed: 7880915022713151120, levelgen mode: deterministic

11848 Johnny the Thaumaturge (level 11, -12/74 HPs)
             Began as a Demigod Earth Elementalist on Feb 3, 2020.
             Mangled by a large slime creature (27 damage)
             ... on level 10 of the Dungeon.
             The game lasted 00:18:47 (13779 turns).

Johnny the Thaumaturge (DgEE)                      Turns: 13779, Time: 00:18:47

Health: -12/74     AC:  8    Str: 16    XL:     11   Next: 29%
Magic:  4/30       EV: 12    Int: 25    God:
Gold:   256        SH:  0    Dex: 16    Spells: 18/31 levels left

rFire    + . .     SeeInvis .   O - +4 dagger (venom)
rCold    + . .     Gourm    +   (no shield)
rNeg     . . .     Faith    .   P - +2 troll leather armour
rPois    .         Spirit   .   w - +0 helmet
rElec    .         Reflect  .   e - scarf {rC+ rF+}
rCorr    .         Harm     .   (no gloves)
MR       +....                  p - +0 pair of boots
Stlth    ++........             b - amulet of the gourmand
HPRegen  0.62/turn              q - ring of flight
MPRegen  0.22/turn              L - +5 ring of strength

@: no status effects
A: high mp 1
a: Evoke Flight


You were on level 10 of the Dungeon.
You were very full.

You visited 1 branch of the dungeon, and saw 11 of its levels.
You also visited: Sewer.

You collected 661 gold pieces.
You spent 405 gold pieces at shops.

Inventory:

Hand Weapons
 l - a +2 demon trident of draining
 O - a +4 dagger of venom (weapon)
Missiles
 h - 116 stones (quivered)
 M - a throwing net
Armour
 e - a scarf of resistance (worn)
 p - a +0 pair of boots (worn)
 w - a +0 helmet (worn)
 y - the +5 shield of the Louse {-Cast Regen+ rCorr Dex+8}
   (You found it on level 5 of the Dungeon)

   It affects your dexterity (+8).
   It prevents spellcasting.
   It increases your rate of regeneration.
   It provides partial protection from all sources of acid and corrosion.
 F - a +1 leather armour of magic resistance
 P - a +2 troll leather armour (worn)
Magical Staves
 x - an uncursed staff of air {unknown}
Jewellery
 b - an amulet of the gourmand (around neck)
 q - a ring of flight (left hand)
 L - a +5 ring of strength (right hand)
Wands
 c - a wand of paralysis (13)
 r - a wand of digging (5)
 v - a wand of random effects (11)
Scrolls
 k - 7 scrolls of remove curse
 n - 7 scrolls of teleportation
 t - 2 scrolls of immolation
 z - 2 scrolls of fear
 B - a scroll of noise {unknown}
 D - a scroll of fog {unknown}
 E - a scroll of amnesia
 G - 2 scrolls of blinking
 H - a scroll of silence
 I - a scroll of holy word {unknown}
 K - a scroll of summoning {unknown}
Potions
 a - a potion of degeneration {unknown}
 f - 5 potions of agility {unknown}
 g - 3 potions of curing {unknown}
 i - 3 potions of cancellation
 j - 3 potions of brilliance
 m - a potion of lignification
 o - 10 potions of heal wounds
 s - 2 potions of haste
 u - 3 potions of might {unknown}
 A - a potion of flight {unknown}
 C - 2 potions of magic {unknown}
 J - a potion of berserk rage {unknown}
 N - a potion of mutation
Miscellaneous
 Q - a lightning rod (inert)
Comestibles
 d - 23 rations


   Skills:
 - Level 1.7 Dodging
 - Level 1.7 Stealth
 - Level 6.4 Shields
 * Level 10.8 Spellcasting
 - Level 0.8 Transmutations
 + Level 10.8 Earth Magic


You had 18 spell levels left.
You knew the following spells:

 Your Spells              Type           Power        Failure   Level  Hunger
a - Sandblast             Erth           ######       1%          1    None
b - Stone Arrow           Conj/Erth      #####.       1%          3    None
c - Lee's Rapid Deconstr  Erth           ######....   1%          5    ####...
d - Petrify               Tmut/Erth      #####...     4%          4    None

Your spell library contained the following spells:

 Spells                   Type           Power        Failure   Level  Hunger
 Passwall                 Tmut/Erth      #####...     1%          2    None
 Corona                   Hex            ##.....      5%          1    None
 Freeze                   Ice            ##..         5%          1    None
 Ensorcelled Hibernation  Hex/Ice        ##....       9%          2    None
 Throw Frost              Conj/Ice       ##....       9%          2    None
 Confuse                  Hex            ##......     17%         3    None
 Dazzling Spray           Conj/Hex       ##....       17%         3    None
 Ozocubu's Armour         Chrm/Ice       ##......     17%         3    None
 Tukima's Dance           Hex            ##......     17%         3    None
 Summon Ice Beast         Ice/Summ       ##......     50%         4    None
 Throw Icicle             Conj/Ice       ##......     50%         4    None


Dungeon Overview and Level Annotations

Branches:
Dungeon (11/15)            Temple (0/1) D:4            Lair (0/6) D:9
  Sewer (visited)
    Orc: D:9-12

Shops:
D:8 !


Innate Abilities, Weirdness & Mutations

You have an increased reservoir of magic. (+10% MP)


Message History

Confirm with . or Enter, or press ? or * to list all spells.
You don't have enough magic to cast that spell.
No previous command to re-do.
No previous command to re-do.
The helpless large slime creature fails to defend itself.
You puncture the large slime creature!
The large slime creature is poisoned.
The large slime creature is heavily wounded.
The helpless large slime creature fails to defend itself.
You puncture the large slime creature!
The large slime creature is severely wounded.
The large slime creature is no longer petrified.
The large slime creature hits you!!
You hit the large slime creature.
The large slime creature is severely wounded.
The large slime creature hits you!!
* * * LOW HITPOINT WARNING * * *
You hit the large slime creature but do no damage.
The large slime creature is severely wounded.
The large slime creature hits you!!
You die...

#.................
..#......###.######
.........###.###
#.#.###.#..#.....# .
#.........##.....#####
.
######.###............
#.# #.[....####.# #J#
#.<)[..## #.#.
##@###.##..รท.##....
#...##.#####.#)....
##.###.# #))..... #.#
#.# #.)....# #.# #.#
##......
#.###.#######.....
#.........####...#
#####...........##
#####.......#


You could see a large slime creature.

Vanquished Creatures
  A hydra (D:11)
  An unseen horror (D:8)
  Pikel (D:7)
  The ghost of Xerdoz the Insei, a novice OpTm of Sif Muna (D:6)
  2 kobold demonologists (D:11)
  2 trolls
  A hippogriff (D:11)
  4 slime creatures (D:10)
  8 yaks
  A wraith (D:10)
  Grum (D:11)
  A steam dragon (D:10)
  An acid dragon (D:9)
  6 orc warriors
  A sky beast (D:9)
  Purgy (D:3)
  A hornet zombie (D:11)
  4 ice beasts
  A black bear (D:7)
  2 phantoms
  7 ogres
  5 centaurs
  3 wolves (D:11)
  6 big kobolds
  8 bullfrogs
  5 scorpions
  A wyvern skeleton (D:9)
  9 killer bees
  A howler monkey (D:7)
  2 bullfrog zombies (D:5)
  5 crimson imps
  A centaur zombie (D:9)
  4 hounds
  11 orc priests
  3 bullfrog skeletons
  A jelly (D:6)
  11 orc wizards
  Jessica (D:9)
  A centaur skeleton (D:9)
  3 iguanas
  5 worker ants
  A howler monkey zombie (D:6)
  Robin (D:3)
  A worker ant zombie (D:6)
  4 gnolls (D:4)
  16 adders
  9 river rats
  A shadow imp (D:6)
  An adder zombie (D:9)
  An adder skeleton (D:6)
  4 worms
  2 dart slugs
  9 leopard geckos
  34 orcs
  8 giant cockroaches
  12 goblins
  10 hobgoblins
  20 jackals
  3 quokkas
  6 ball pythons
  8 bats
  6 frilled lizards
  A giant cockroach zombie (D:5)
  A jackal skeleton (D:4)
  44 kobolds
  A leopard gecko skeleton (D:4)
  A leopard gecko zombie (D:6)
  2 quokka skeletons
  30 rats
371 creatures vanquished.

Notes
Turn   | Place    | Note
-------+----------+-------------------------------------------
     0 | D:1      | Johnny the Demigod Earth Elementalist began the quest for
                  | the Orb.
     0 | D:1      | Reached XP level 1. HP: 14/14 MP: 5/5
   317 | D:1      | Reached XP level 2. HP: 16/20 MP: 3/7
  1035 | D:1      | Reached XP level 3. HP: 23/26 MP: 7/9
  1570 | D:2      | Learned a level 3 spell: Stone Arrow
  1702 | D:2      | Reached XP level 4. HP: 33/33 MP: 4/11
  2408 | D:3      | Found a glowing silver altar of Zin.
  2898 | D:3      | Reached XP level 5. HP: 38/38 MP: 1/13
  3688 | D:3      | Noticed Robin
  3706 | D:3      | Killed Robin
  3795 | D:3      | Noticed Purgy
  3911 | D:3      | Killed Purgy
  3911 | D:3      | Reached skill level 5 in Earth Magic
  3911 | D:3      | Reached XP level 6. HP: 45/45 MP: 7/15
  4250 | D:5      | Entered Level 5 of the Dungeon
  4385 | D:4      | Found a glowing drain.
  4399 | Sewer    | Entered a sewer
  4647 | Sewer    | Reached skill level 5 in Spellcasting
  4647 | Sewer    | Reached XP level 7. HP: 49/50 MP: 14/17
  5817 | D:4      | Found a staircase to the Ecumenical Temple.
  6101 | D:4      | Found a glowing golden altar of the Shining One.
  6515 | D:5      | Got a polished shield
  6534 | D:5      | Identified the +5 shield of the Louse {-Cast Regen+ rCorr
                  | Dex+8} (You found it on level 5 of the Dungeon)
  6575 | D:5      | Learned a level 5 spell: Lee's Rapid Deconstruction
  6580 | D:5      | Learned a level 4 spell: Petrify
  6621 | D:5      | Reached XP level 8. HP: 41/57 MP: 16/20
  6632 | D:5      | Reached skill level 1 in Shields
  7113 | D:6      | Found a runed translucent door.
  7401 | D:6      | Found a sacrificial altar of Ru.
  7713 | D:6      | Got a brightly glowing mace
  7820 | D:6      | Identified the +3 mace of Lauthuuv {drain, +Rage} (You
                  | found it on level 6 of the Dungeon)
  8430 | D:6      | Noticed Xerdoz's ghost (novice OpTm)
  8438 | D:6      | Killed Xerdoz's ghost
  8438 | D:6      | Reached XP level 9. HP: 62/62 MP: 2/23
  8891 | D:7      | Noticed Pikel
  8907 | D:7      | Killed Pikel
  8907 | D:7      | Reached skill level 5 in Shields
  9886 | D:8      | Found an iron altar of Okawaru.
  9965 | D:8      | Found Rime's Distillery.
  9973 | D:8      | Bought a potion of lignification for 45 gold pieces
  9973 | D:8      | Bought 2 potions of brilliance for 120 gold pieces
  9973 | D:8      | Bought a potion of mutation for 120 gold pieces
  9973 | D:8      | Bought a potion of cancellation for 120 gold pieces
 10271 | D:8      | Killed an unseen horror
 10271 | D:8      | Reached XP level 10. HP: 42/69 MP: 10/26
 11452 | D:9      | Found an ornate altar of the Wu Jian Council.
 11466 | D:9      | You fall into a shaft and drop 2 floors!
 11573 | D:11     | Noticed Grum
 11583 | D:11     | Killed Grum
 11678 | D:11     | Reached skill level 10 in Earth Magic
 12015 | D:11     | Noticed a cyclops
 12167 | D:11     | Noticed an eight-headed hydra
 12175 | D:11     | Killed an eight-headed hydra
 12175 | D:11     | Reached skill level 10 in Spellcasting
 12207 | D:11     | Noticed a green ugly thing
 12265 | D:10     | Entered Level 10 of the Dungeon
 12384 | D:10     | Reached XP level 11. HP: 74/74 MP: 29/29
 13111 | D:9      | Found a staircase to the Lair.
 13192 | D:9      | Found a sparkling altar of Nemelex Xobeh.
 13192 | D:9      | Noticed Jessica
 13197 | D:9      | Killed Jessica
 13779 | D:10     | Mangled by a large slime creature

Levels and vault maps discovered:
D:1:      minmay_arrival_arboretum_small, layout_loops_ring
D:2:      layout_loops_cross
D:3:      layout_basic, zin_academy, first_ration, uniq_purgy, uniq_robin
D:4:      layout_cave_pools, marbit_many_paths, minmay_temple_entry_glass,
          portal_sewer_entry_e
D:5:      layout_rooms
D:6:      kb_forest_paths, layout_basic, basic_altar, ebering_ghost_sewer_d
D:7:      layout_basic, uniq_pikel
D:8:      layout_gridville, okawaru_ov_weapons_minmay, serial_shops,
          nicolae_shop_stone
D:9:      layout_gridville, lemuel_crystal_altar, lair_entry_dummy,
          nemelex_lonely_heart_becter
D:10:     layout_loops_ring, hangedman_decor_lopped, grunt_ogre_cave
D:11:     layout_stronghold, uniq_grum

Skill      XL: |  1  2  3  4  5  6  7  8  9 10 |
---------------+-------------------------------+-----
Spellcasting   | 2 3 4 5 6 7 8 10 | 10.8
Earth Magic    | 3 4 5 6 8 9 10 | 10.8
Shields        | 4 6 |  6.4
Dodging        | |  1.7
Stealth        | |  1.7
Transmutations | |  0.8

Action                   |  1- 3 |  4- 6 |  7- 9 | 10-12 || total
-------------------------+-------+-------+-------+-------++-------
Melee: Unarmed           |    47 |    43 |       |       ||    90
       Dagger            |       |    43 |   272 |   194 ||   509
       Mace              |       |       |    12 |       ||    12
 Cast: Sandblast         |    69 |    83 |    60 |    33 ||   245
       Stone Arrow       |     4 |    15 |    88 |    63 ||   170
       Lee's Rapid Decon |       |       |    11 |    33 ||    44
       Petrify           |       |       |       |     1 ||     1
Evoke: Wand              |       |       |     6 |     4 ||    10
       Lightning rod     |       |       |       |     4 ||     4
  Use: Scroll            |       |     5 |    10 |     4 ||    19
       Potion            |       |     1 |       |     3 ||     4
 Stab: Sleeping          |     3 |     1 |     4 |     2 ||    10
       Distracted        |       |       |     1 |       ||     1
       Petrified         |       |       |       |     2 ||     2
  Eat: Chunk             |     3 |    19 |    21 |    16 ||    59
Armor: Robe              |    33 |    28 |    66 |     9 ||   136
       Leather armour    |       |       |       |     9 ||     9
       Troll leather arm |       |       |       |    45 ||    45
       Skin              |       |       |       |     7 ||     7
Dodge: Dodged            |    71 |    81 |   232 |   147 ||   531
